 Dungeon Crawl Stone Soup version 0.20-a0-522-g0b37eee (webtiles) character file.

356 nono the Ducker (level 6, -4/42 HPs)
             Began as a Halfling Monk on Jan 26, 2017.
             Slain by an iguana (12 damage)
             ... on level 4 of the Dungeon.
             The game lasted 00:06:47 (3545 turns).

nono the Ducker (Halfling Monk)                     Turns: 3545, Time: 00:06:47

Health: -4/42      AC:  5    Str: 14    XL:     6   Next: 96%
Magic:  6/6        EV: 17    Int:  8    God:
Gold:   198        SH:  0    Dex: 17    Spells: 5/5 levels left

rFire    + . .     SeeInvis .   a - +0 falchion
rCold    . . .     Gourm    .   s - +2 leather armour {rF+}
rNeg     . . .     Faith    .   (shield restricted)
rPois    +         Spirit   .   (no helmet)
rElec    .         Reflect  .   (no cloak)
rCorr    .         Harm     .   (no gloves)
MR       .....                  (no boots)
Stlth    +.........             h - amulet of magic regeneration
Regen    0.2/turn               m - ring of poison resistance
                                k - ring of loudness (curse)

@: no status effects
A: mutation resistance 1
a: no special abilities


You were on level 4 of the Dungeon.
You were not hungry.

You visited 1 branch of the dungeon, and saw 4 of its levels.

You collected 198 gold pieces.

Inventory:

Hand Weapons
 a - a +0 falchion (weapon)
Missiles
 u - 19 poisoned needles
Armour
 b - a +0 robe
 r - a +0 scale mail
 s - a +2 leather armour of fire resistance (worn)
Jewellery
 h - an amulet of magic regeneration (around neck)
 k - a cursed ring of loudness (left hand)
 m - a ring of poison resistance (right hand)
Scrolls
 d - 3 scrolls of identify {unknown}
 e - 5 scrolls of remove curse {unknown}
 g - 3 scrolls of fear {unknown}
 i - 2 scrolls of magic mapping {unknown}
 j - a scroll of noise {unknown}
 n - a scroll of enchant weapon {unknown}
 o - 2 scrolls of random uselessness {unknown}
 q - 2 scrolls of teleportation {unknown}
Potions
 l - a potion of haste {unknown}
 w - a potion of cure mutation
Comestibles
 c - 4 bread rations
 f - 3 royal jellies
 p - a meat ration
 v - 8 fruits


   Skills:
 + Level 3.5 Fighting
 + Level 4.5 Long Blades
 + Level 3.7 Armour
 + Level 4.9 Dodging
 - Level 2.1 Stealth


You had 5 spell levels left.
You didn't know any spells.

Dungeon Overview and Level Annotations

Branches:
Dungeon (4/15)
 Temple: D:4-7

Altars:
Dithmenos
Gozag


Innate Abilities, Weirdness & Mutations

You are small and have problems with some larger weapons.
You are somewhat resistant to further mutation.


Message History

The iguana bites you.
You barely miss the iguana.
The iguana is heavily wounded.
The iguana bites you!
* * * LOW HITPOINT WARNING * * *
You feel better. The iguana closely misses you.
You riposte.
You barely miss the iguana.
The iguana is heavily wounded.
You barely miss the iguana.
The iguana is heavily wounded.
The iguana bites you!
* * * LOW HITPOINT WARNING * * *
You completely miss the iguana.
The iguana is heavily wounded.
The iguana bites you but does no damage.
You aren't carrying any items that you can evoke.
Unknown command.
It was a potion of cure mutation.
It has a very clean taste.
The iguana bites you!
You die...

###### .....#
.###.########################
................@l.........>#
.###.#############.##########
## #.# #..#...#
#.##########..###.#
#.#........†..# #.#
#)#.....####.####.#
####.......# #......#
...........# ########
...........#


You could see an iguana.

Vanquished Creatures
  A centaur (D:3)
  A howler monkey (D:4)
  A bullfrog skeleton (D:4)
  An orc priest (D:3)
  An orc wizard (D:4)
  6 adders
  An adder skeleton (D:4)
  2 worms
  2 dart slugs
  2 leopard geckos
  10 orcs
  2 ball pythons
  5 giant cockroaches
  11 goblins
  4 hobgoblins
  4 jackals (D:1)
  7 kobolds
  4 quokkas
  3 bats
  4 frilled lizards
  6 rats
78 creatures vanquished.

Notes
Turn   | Place    | Note
-------+----------+-------------------------------------------
     0 | D:1      | nono the Halfling Monk began the quest for the Orb.
     0 | D:1      | Reached XP level 1. HP: 15/15 MP: 1/1
   101 | D:1      | Reached XP level 2. HP: 20/20 MP: 2/2
   404 | D:1      | Reached XP level 3. HP: 23/25 MP: 3/3
   949 | D:2      | Found a faded altar of an unknown god.
   993 | D:2      | Found an opulent altar of Gozag.
  1102 | D:2      | Reached XP level 4. HP: 31/31 MP: 4/4
  1795 | D:3      | Reached skill level 1 in Armour
  1923 | D:3      | Noticed a centaur
  1937 | D:3      | Killed a centaur
  1937 | D:3      | Reached XP level 5. HP: 31/36 MP: 5/5
  2546 | D:3      | Found a shadowy altar of Dithmenos.
  2558 | D:3      | Reached XP level 6. HP: 15/42 MP: 6/6
  3545 | D:4      | Slain by an iguana

Vault maps used:
D:1:      sevenhm_arrival_forest_fort_large_4, minmay_misc_feat_doors
D:2:      first_bread, chequers_ecumenical_altar_simple, dk_vineyard_1,
          nicolae_gozag_seed_capital
D:3:      grunt_dithmenos_smoke_and_mirrors

Skill      XL: |  1  2  3  4  5 |
---------------+----------------+-----
Fighting       | 3 |  3.5
Armour         | 2 3 |  3.7
Long Blades    | 4 |  4.5
Dodging        | 4 |  4.9
Stealth        | |  2.1

Action                   |  1- 3 |  4- 6 || total
-------------------------+-------+-------++-------
Melee: Falchion          |    95 |   211 ||   306
  Use: Potion            |       |     6 ||     6
 Stab: Sleeping          |     4 |       ||     4
  Eat: Chunk             |     1 |     6 ||     7
       Fruit             |       |     2 ||     2
Armor: Robe              |    12 |       ||    12
       Leather armour    |       |    36 ||    36
Dodge: Dodged            |    80 |   176 ||   256
       Rpst.: Falchion   |    27 |    58 ||    85
